 Dungeon Crawl Stone Soup version 0.19-a0-38-ga776ef0 (webtiles) character file.

3 tyvek the Skirmisher (level 1, 6/18 HPs)
             Began as a Demonspawn Berserker on May 4, 2016.
             Was a Follower of Trog.
             Quit the game on level 1 of the Dungeon.
             The game lasted 00:00:24 (31 turns).

tyvek the Skirmisher (Demonspawn Berserker)           Turns: 31, Time: 00:00:24

Health: 6/18       AC:  2    Str: 17    XL:     1   Next: 41%
Magic:  1/1        EV: 12    Int:  8    God:    Trog [*.....]
Gold:   9          SH:  0    Dex: 12    Spells: 0 memorised, 0 levels left

rFire  . . .     SeeInvis .     a - +0 mace
rCold  . . .     Gourm    .     b - +0 animal skin
rNeg   . . .     Faith    .     (no shield)
rPois  .         Spirit   .     (no helmet)
rElec  .         Dismiss  .     (no cloak)
rCorr  .         Reflect  .     (no gloves)
SustAt .         Harm     .     (no boots)
MR     .....                    (no amulet)
Stlth  +.........               (no ring)
                                (no ring)

@: not resistant to hostile enchantments, very unstealthy
A: no striking features
a: Berserk, Burn Spellbooks, Renounce Religion


You were on level 1 of the Dungeon.
You worshipped Trog.
Trog was aware of your devotion.
You were not hungry.

You visited 1 branch of the dungeon, and saw 1 of its levels.

You collected 9 gold pieces.

Inventory:

Hand Weapons
 a - a +0 mace (weapon)
Armour
 b - a +0 animal skin (worn)
Comestibles
 c - a bread ration {@e1}
 d - a chunk of flesh {@w0}


   Skills:
 + Level 3.0 Fighting
 * Level 2.8 Maces & Flails
 + Level 1.9 Armour
 - Level 1.7 Dodging


You couldn't memorise any spells.
You didn't know any spells.

Dungeon Overview and Level Annotations

Branches:
Dungeon (1/15)

Altars:


Message History

Welcome, tyvek the Demonspawn Berserker.
Will you be the one to retrieve the fabulous Orb of Zot from the depths?
Trog says: Kill them all!
Found a whip.
Found a staircase leading out of the dungeon.
You open the door.
A goblin comes into view. It is wielding a club.
The goblin shouts!
A goblin is nearby!
A goblin is nearby!
A goblin is nearby!
The goblin hits you with a club.
There is an open door here.
You take 3 damage, and have 15/18 hp.
You closely miss the goblin. The goblin closely misses you.
You closely miss the goblin. The goblin hits you but does no damage.
You sock the goblin!
You kill the goblin!
Trog accepts your kill.
No target in view!
No target in view!
Things that are here:
a club; a goblin corpse You butcher the goblin corpse.
d - a chunk of flesh {@w0} You see here a club.
You now have 9 gold pieces.
A kobold and a dart slug come into view.
The kobold shouts!
There are monsters nearby!
There are monsters nearby!
There are monsters nearby!
A goblin comes into view. It is wielding a club.
The goblin shouts!
A rat comes into view.
You see here 2 gold pieces.
The kobold hits you with a short sword.
Found a bread ration.
Found two stone staircases leading down.
A hobgoblin comes into view. It is wielding a club.
You take 2 damage, and have 14/18 hp.
The hobgoblin shouts!
You hit the kobold.
You kill the kobold!
Trog accepts your kill.
You completely miss the goblin. The goblin hits you with a club.
You take 3 damage, and have 11/18 hp.
You hit the goblin.
You kill the goblin!
Trog accepts your kill. The dart slug launches a dart at you.
The slug dart hits you!
You take 5 damage, and have 6/18 hp.
MASSIVE DAMAGE!!

##..# #.###
##.###..### #.
#.#.......
#...#####...#.###
#................
##.###.#.###.####
#..#.# #
#.##$##.#
#...)@..#
#...#..w.#
..?...####r..>
..### ..g.[.. #
..... ..... ....
.>%.


You could see a dart slug, a hobgoblin and a rat.

Vanquished Creatures
  2 goblins (D:1)
  A kobold (D:1)
3 creatures vanquished.

Notes
Turn   | Place    | Note
--------------------------------------------------------------
     0 | D:1      | tyvek the Demonspawn Berserker began the quest for the Orb.
     0 | D:1      | Reached XP level 1. HP: 18/18 MP: 1/1
    31 | D:1      | Quit the game

Vault maps used:
D:1:      minmay_arrival_three_doors

Action                   || total
-------------------------++-------
Melee: Mace              ||     6
Dodge: Dodged            ||     1

Vault maps used:
D:1:      minmay_arrival_three_doors

Table legend:
 A = Turns spent in this place as a percentage of turns spent in the entire game.
 B = Non-inter-level travel turns spent in this place as a percentage of non-inter-level travel turns spent in the entire game.
 C = Inter-level travel turns spent in this place as a percentage of turns spent in this place.
 D = Turns resting spent in this place as a percentage of non-inter-level travel turns spent in this place.
 E = Turns spent auto-exploring this place as a percentage of non-inter-level travel turns spent in this place.
 F = Non-inter-level travel turns spent in this place divided by the number of levels of this place that you've seen.
                   A       B       C       D       E      F
               +-------+-------+-------+-------+-------+----------------------
         Total | 100.0 | 100.0 |   0.0 |   0.0 |  13.6 |  22.0
       Dungeon | 100.0 | 100.0 |   0.0 |   0.0 |  13.6 |  22.0
               +-------+-------+-------+-------+-------+----------------------

Table legend:
 A = Kills in this place as a percentage of kills in entire the game.
 B = Kills by you in this place as a percentage of kills by you in the entire game.
 C = Kills by friends in this place as a percentage of kills by friends in the entire game.
 D = Other kills in this place as a percentage of other kills in the entire game.
 E = Experience gained in this place as a percentage of experience gained in the entire game.
 F = Experience gained in this place divided by the number of levels of this place that you have seen.
                   A       B       C       D       E      F
               +-------+-------+-------+-------+-------+----------------------
         Total | 100.0 | 100.0 |  -nan |  -nan | 100.0 |   5.0
       Dungeon | 100.0 | 100.0 |  -nan |  -nan | 100.0 |   5.0
               +-------+-------+-------+-------+-------+----------------------
